 Dungeon Crawl Stone Soup version 0.28-a0-519-gbfeecf2fc5 (webtiles) character file.

Game seed: 17863357592112379470

18 Goblin1989 the Changer (level 2, 0/21 HPs)
             Began as a Demonspawn Transmuter on Sept 24, 2021.
             Slain by a quokka (3 damage)
             ... on level 1 of the Dungeon.
             The game lasted 00:02:07 (803 turns).

Goblin1989 the Changer (Demonspawn Transmuter)       Turns: 803, Time: 00:02:07

Health: 0/21       AC:  2    Str: 10    XL:     2   Next: 48%
Magic:  4/5        EV: 12    Int: 14    God:
Gold:   26         SH:  0    Dex: 13    Spells: 4/5 levels left

rFire   . . .      SeeInvis .     - Unarmed
rCold   . . .      Faith    .   (no shield)
rNeg    . . .      Spirit   .   a - +0 robe
rPois   .          Reflect  .   (helmet currently unavailable)
rElec   .          Harm     .   (no cloak)
rCorr   .          Rampage  .   (no gloves)
Will    .....                   (boots currently unavailable)
Stlth   +.........              (no amulet)
HPRegen 0.07/turn               (no ring)
MPRegen 0.09/turn               (no ring)

@: appendages (expiring), very slightly contaminated
A: horns 2, hooves 1
a: End Transformation


You were on level 1 of the Dungeon.
You had temporarily grown beastly horns.
You visited 1 branch of the dungeon, and saw 1 of its levels.

You collected 26 gold pieces.

Inventory:

Armour
 a - a +0 robe (worn)
Scrolls
 b - a scroll of noise {unknown}
 c - a scroll of brand weapon {unknown}
 d - a scroll of identify {unknown}


   Skills:
 - Level 1.0 Fighting
 - Level 1.7 Dodging
 - Level 2.6 Unarmed Combat
 - Level 2.0 Spellcasting
 + Level 2.9 Transmutations


You had 4 spell levels left.
You knew the following spells:

 Your Spells              Type           Power      Damage    Failure   Level
a - Beastly Appendage     Tmut           18%        N/A       8%          1

Your spell library contained the following spells:

 Spells                   Type           Power      Damage    Failure   Level
 Wereblood                Tmut           9%         N/A       11%         2
 Spider Form              Tmut/Pois      2%         N/A       36%         3
 Ice Form                 Ice/Tmut       5%         N/A       78%         4


Dungeon Overview and Level Annotations

Branches:
Dungeon (1/15)

Altars:


Innate Abilities, Weirdness & Mutations

You have temporarily grown beastly horns.
You have large cloven feet.


Message History

The frilled lizard bites you.
You take 1 damage, and have 20/21 hp.
You hit the frilled lizard.
You kill the frilled lizard!
You closely miss the bat. Your kick misses the bat.
Your headbutt misses the bat.
Your transformation is almost over.
The bat hits you but does no damage.
You barely miss the hobgoblin. The bat misses you.
The hobgoblin barely misses you.
You barely miss the hobgoblin. Your kick misses the hobgoblin.
The bat hits you but does no damage. The hobgoblin completely misses you.
You hit the hobgoblin.
The hobgoblin is severely wounded.
The bat hits you but does no damage. x2; The hobgoblin closely misses you.
You closely miss the hobgoblin.
The hobgoblin is severely wounded.
The bat barely misses you. The hobgoblin barely misses you.
You hit the hobgoblin.
You kill the hobgoblin!
The bat hits you but does no damage. The bat misses you.
Things that are here:
a +0 dagger; a kobold corpse You hit the bat.
You kill the bat!
No target in view!
No target in view!
No target in view!
No target in view!
No target in view!
No target in view!
No target in view!
No target in view!
No target in view!
No target in view!
No target in view!
No target in view!
No target in view!
No target in view!
No target in view!
No target in view!
No target in view!
No target in view!
No target in view!
No target in view!
Your horns disappear.
A quokka, an endoplasm and a dart slug come into view.
Health restored: 21; MP restored: 5
There are monsters nearby!
There are monsters nearby!
Casting: Beastly Appendage (safe; 8% risk of failure)
Confirm with . or Enter, or press ? or * to list all spells.
You grow a pair of large bovine horns.
You now have 4/5 mp.
Unknown command.
The quokka bites you. x2
You take 7 damage, and have 14/21 hp.
MASSIVE DAMAGE!!
You miss the quokka. Your kick misses the quokka. The quokka bites you.
* * * LOW HITPOINT WARNING * * *
You are too injured to fight recklessly!
You take 5 damage, and have 9/21 hp.
MASSIVE DAMAGE!!
You are too injured to fight recklessly!
You are too injured to fight recklessly!
You are too injured to fight recklessly!
You are too injured to fight recklessly!
You are too injured to fight recklessly!
You are too injured to fight recklessly!
You are too injured to fight recklessly!
You are too injured to fight recklessly!
You are too injured to fight recklessly!
You are too injured to fight recklessly!
You are too injured to fight recklessly!
You are too injured to fight recklessly!
You are too injured to fight recklessly!
You are too injured to fight recklessly!
You are too injured to fight recklessly!
Unknown command.
Your transformation is almost over.
The quokka twitches its whiskers.
The quokka bites you.
* * * LOW HITPOINT WARNING * * *
You take 4 damage, and have 5/21 hp.
Casting: Beastly Appendage (safe; 8% risk of failure)
Confirm with . or Enter, or press ? or * to list all spells.
You miscast Beastly Appendage.
You are very lightly contaminated with residual magic.
Nothing appears to happen.
The quokka closely misses you.
You now have 3/5 mp.
Unknown command.
You barely miss the quokka. Your kick misses the quokka.
The quokka completely misses you.
You closely miss the quokka. You kick the quokka, but do no damage.
The quokka bites you.
* * * LOW HITPOINT WARNING * * *
You take 2 damage, and have 3/21 hp.
You barely miss the quokka. The quokka closely misses you.
You closely miss the quokka. The quokka barely misses you.
The quokka bites you.
You die... .█...██..█ █.......█ .█......>█ █.......█ .█.███████ █.......█ .█.█ █....$..█ ██.█ ██████.......██████. .█.█ █....█ █....w...... .█.█ █....█ ██w███...... .█.█ █....███ █r█

███.. .█.█ █......█ █@█
.█†████......█ █.█
.█..†........███.███.█
██.█.......).........█
██.........█████.....█
██.███.██..†.........█
........................
.█.███†███.████████████.
.█.█ █.. ...


You could see a dart slug and a quokka.

Vanquished Creatures
  2 endoplasms (D:1)
  A giant cockroach (D:1)
  A goblin (D:1)
  2 hobgoblins (D:1)
  A quokka (D:1)
  A ball python (D:1)
  3 bats (D:1)
  4 frilled lizards (D:1)
  A kobold (D:1)
  3 rats (D:1)
19 creatures vanquished.

Notes
Turn   | Place    | Note
-------+----------+-------------------------------------------
     0 | D:1      | Goblin1989 the Demonspawn Transmuter began the quest for
                  | the Orb.
     0 | D:1      | Reached XP level 1. HP: 15/15 MP: 3/3
   431 | D:1      | Gained mutation: You have large cloven feet. [demonic
                  | ancestry]
   431 | D:1      | Reached XP level 2. HP: 7/21 MP: 5/5
   636 | D:1      | Found a faded altar of an unknown god.
   803 | D:1      | Slain by a quokka

Illustrated notes

Levels and vault maps discovered:
D:1:      dpeg_arrival_chambers_temple_mockup, layout_basic,
          shapermc_ecumenical_altar_acropolis

Skill      XL: |  1 |
---------------+----+-----
Transmutations | 2 |  2.9
Fighting       | |  1.0
Dodging        | |  1.7
Unarmed Combat | |  2.6
Spellcasting   | |  2.0

Action                   || total
-------------------------++-------
Melee: Unarmed           ||    60
       Kick              ||     5
 Cast: Beastly Appendage ||     9
 Stab: Sleeping          ||     1
Armor: Robe              ||     9
Dodge: Dodged            ||    35

Table legend: (Time is in decaauts)
 A = Elapsed time spent in this place.
 B = Non-inter-level travel time spent in this place.
 C = Inter-level travel time spent in this place.
 D = Time resting spent in this place.
 E = Time spent auto-exploring this place.
 F = Levels seen in this place.
 G = Mean time per level.
                   A        B        C        D        E       F      G
               +--------+--------+--------+--------+--------+-----+--------+
         Total |    800 |    800 |      0 |      0 |    646 |   1 |  800.0 |
       Dungeon |    800 |    800 |      0 |      0 |    646 |   1 |  800.0 |
               +--------+--------+--------+--------+--------+-----+--------+

Top non-repeatable levels by time:
     D:1: 800 daAuts
